 Dungeon Crawl Stone Soup version 0.18.1-1-g2f07953 (webtiles) character file.

70 Danakh the Chopper (level 4, -1/34 HPs)
             Began as a Demonspawn Gladiator on May 13, 2016.
             Slain by an adder (5 damage)
             ... on level 2 of the Dungeon.
             The game lasted 00:04:20 (1747 turns).

Danakh the Chopper (Demonspawn Gladiator)           Turns: 1747, Time: 00:04:20

Health: -1/34      AC:  4    Str: 16    XL:     4   Next: 4%
Magic:  4/4        EV: 11    Int: 10    God:
Gold:   12         SH:  5    Dex: 13    Spells: 0 memorised, 3 levels left

rFire  . . .     SeeInvis .     a - +0 war axe
rCold  . . .     Gourm    .     b - +0 leather armour
rNeg   . . .     Faith    .     o - +2 buckler
rPois  .         Spirit   .     c - +0 helmet
rElec  .         Dismiss  .     (no cloak)
rCorr  .         Reflect  .     (no gloves)
SustAt .         Harm     .     (no boots)
MR     .....                    (no amulet)
Stlth  +.........               (no ring)
                                (no ring)

@: lethally poisoned (-1 -> -5), not resistant to hostile enchantments, very
unstealthy
A: claws 1, powered by pain 1
a: no special abilities


You were on level 2 of the Dungeon.
You were not hungry.

You visited 1 branch of the dungeon, and saw 2 of its levels.

You collected 12 gold pieces.

Inventory:

Hand Weapons
 a - a +0 war axe (weapon)
Missiles
 d - 3 throwing nets (quivered)
Armour
 b - a +0 leather armour (worn)
 c - a +0 helmet (worn)
 o - a +2 buckler (worn)
Scrolls
 e - a scroll of teleportation {unknown}
 k - a scroll of identify {unknown}
Potions
 i - a potion of curing
 j - a potion of lignification {unknown}
 l - a potion of might {unknown}
Comestibles
 f - a bread ration
 g - a slice of pizza
 h - a meat ration
 m - a beef jerky


   Skills:
 + Level 2.7 Fighting
 * Level 3.6 Axes
 - Level 1.7 Throwing
 + Level 1.4 Armour
 - Level 2.6 Dodging
 + Level 0.0 Shields


You had 3 spell levels left.
You didn't know any spells.

Dungeon Overview and Level Annotations

Branches:
Dungeon (2/15)

Altars:
Xom


Innate Abilities, Weirdness & Mutations

You have sharp fingernails.
You sometimes gain a little power by taking damage.


Message History

You block the adder's attack.
Drink which item? (? for menu, Esc to quit)
It was a potion of curing.
You feel better. The adder closely misses you.
You closely miss the adder.
The adder is moderately wounded.
The adder bites you but does no damage. The adder misses you.
You barely miss the adder.
The adder is moderately wounded.
The adder bites you but does no damage.
You hit the adder but do no damage.
The adder is moderately wounded.
The adder bites you but does no damage. The adder bites you.
* * * LOW HITPOINT WARNING * * *
You are lethally poisoned!
The adder poisons you!
You closely miss the adder.
The adder is moderately wounded.
* * * LOW HITPOINT WARNING * * *
You feel sick. The adder bites you.
You die...

#.................
........................
.....................#..
....................#..
#.............##...#.. .
#...........####......
..##...........####.....#
....$..).......##.......#
.......S@................
.......)(..........†)....
.......(..(....).........
........................#
.....###+...............#
..... +...............#
.... #...##..........#
... #...##..........# #
#...##..........#


You could see an adder.

Vanquished Creatures
  2 adders (D:2)
  2 dart slugs
  A ball python (D:1)
  2 giant cockroaches (D:2)
  6 hobgoblins
  4 jackals (D:2)
  2 quokkas (D:2)
  6 bats
  3 giant newts (D:1)
  8 goblins
  5 kobolds
  7 rats
48 creatures vanquished.

Notes
Turn   | Place    | Note
--------------------------------------------------------------
     0 | D:1      | Danakh the Demonspawn Gladiator began the quest for the Orb.
     0 | D:1      | Reached XP level 1. HP: 16/16 MP: 1/1
   186 | D:1      | Reached skill level 3 in Axes
   480 | D:1      | Gained mutation: You sometimes gain a little power by taking damage. [demonic ancestry]
   480 | D:1      | Reached XP level 2. HP: 21/22 MP: 2/2
  1169 | D:1      | Gained mutation: You have sharp fingernails. [demonic ancestry]
  1169 | D:1      | Reached XP level 3. HP: 28/28 MP: 3/3
  1217 | D:2      | Found a shimmering altar of Xom.
  1235 | D:2      | Reached skill level 1 in Armour
  1734 | D:2      | Reached XP level 4. HP: 18/34 MP: 4/4
  1747 | D:2      | Slain by an adder

Skill      XL: |  1  2  3 |
---------------+----------+-----
Axes           | 3 |  3.6
Armour         | 1 |  1.4
Fighting       | |  2.7
Throwing       | |  1.7
Dodging        | |  2.6

Action                   |  1- 3 |  4- 6 || total
-------------------------+-------+-------++-------
Melee: War axe           |   131 |    12 ||   143
  Use: Potion            |       |     1 ||     1
  Eat: Chunk             |     3 |       ||     3
Armor: Leather armour    |    51 |     6 ||    57
Dodge: Dodged            |   133 |     9 ||   142
Block: Buckler           |     5 |     8 ||    13
